 Dungeon Crawl Stone Soup version 0.17.1-1-g73c8601 (webtiles) character file.

17894 lucasterio the Basher (level 12, -1/108 HPs)
             Began as a Demonspawn Berserker on Dec 21, 2015.
             Was the Champion of Trog.
             Slain by a six-headed hydra (14 damage)
             ... on level 1 of the Lair of Beasts.
             The game lasted 00:43:37 (11167 turns).

lucasterio the Basher (Demonspawn Berserker)       Turns: 11167, Time: 00:43:37

Health: -1/108     AC: 12    Str: 34 (36) XL:     12   Next: 22%
Magic:  12/12      EV: 11    Int:  9 (10) God:    Trog [******]
Gold:   363        SH:  0    Dex:  4 (11) Spells: 0 memorised, 11 levels left

rFire  . . .     SeeInvis +     A - +1 flail
rCold  . . .     Clarity  .     F - +1 leather armour of the Turtle {*Confuse rN+ MR+ Str+6} (curse)
rNeg   + + .     SustAt   +     (no shield)
rPois  .         Gourm    .     (helmet restricted)
rElec  .         Spirit   .     (no cloak)
rCorr  .         Warding  .     h - +4 pair of gloves "Cecsuras" {rN+ MR- Str+2 SInv}
rMut   .         Stasis   .     e - +0 pair of boots
MR     .....                    (no amulet)
Stlth  ..........               J - +2 ring of strength
                                d - ring of sustain attributes

@: confused, berserking, very quick, not resistant to hostile enchantments,
extremely unstealthy
A: claws 1, horns 1, clumsy 1, deterioration 2, frail 1, powered by death 2,
powered by pain 3, regeneration 1, spit poison 1, evolution 1, subdued magic 1,
MP-powered wands
a: Spit Poison, Berserk, Trog's Hand, Brothers in Arms, Burn Spellbooks,
Renounce Religion


You were on level 1 of the Lair of Beasts.
You worshipped Trog.
Trog was exalted by your worship.
You were not hungry.

You visited 2 branches of the dungeon, and saw 13 of its levels.
You also visited: Ossuary.

You collected 783 gold pieces.
You spent 420 gold pieces at shops.

Inventory:

Hand Weapons
 g - a +0 hunting sling
 A - a +1 flail (weapon)
 U - a +0 dire flail
Missiles
 v - 80 sling bullets
 H - 9 poisoned sling bullets
Armour
 a - a +3 scale mail of cold resistance
 e - a +0 pair of boots (worn)
 h - the +4 pair of gloves "Cecsuras" (worn) {rN+ MR- Str+2 SInv}
   (You found it on level 4 of the Dungeon)

   It affects your strength (+2).
   It protects you from negative energy.
   It affects your resistance to hostile enchantments.
   It lets you see invisible.
 F - the cursed +1 leather armour of the Turtle (worn) {*Confuse rN+ MR+ Str+6}
   (You found it on level 11 of the Dungeon)

   It affects your strength (+6).
   It protects you from negative energy.
   It affects your resistance to hostile enchantments.
   It may confuse you when you take damage.
   It has a curse placed upon it.
 N - the +5 ring mail of Impermeability {rN++ Regen+ Int-2 Dex+3}
   (You found it on level 7 of the Dungeon)

   It affects your intelligence (-2).
   It affects your dexterity (+3).
   It greatly protects you from negative energy.
   It increases your rate of regeneration.
Jewellery
 d - a ring of sustain attributes (left hand)
 y - an uncursed ring of flight
 C - an uncursed ring of protection from cold {unknown}
 E - an uncursed ring of sustain attributes
 I - a +2 ring of protection
 J - a +2 ring of strength (right hand)
 V - an uncursed ring of fire
Wands
 L - a wand of paralysis (16)
 S - a wand of hasting (6)
 X - a wand of slowing (17)
 Y - a wand of magic darts (17)
Scrolls
 f - 3 scrolls of amnesia {unknown}
 i - 7 scrolls of remove curse {unknown}
 j - 8 scrolls of magic mapping
 l - 6 scrolls of enchant weapon
 n - 3 scrolls of fear {unknown}
 o - 7 scrolls of random uselessness
 q - 2 scrolls of fog {unknown}
 r - a scroll of identify
 w - a scroll of noise {unknown}
 x - 5 scrolls of blinking {unknown}
 z - a scroll of silence {unknown}
 B - a scroll of immolation {unknown}
 Q - 2 scrolls of teleportation {unknown}
 R - a scroll of enchant armour {unknown}
 W - a scroll of recharging {unknown}
Potions
 b - 2 potions of degeneration {unknown}
 k - 3 potions of invisibility {unknown}
 p - 2 potions of agility {unknown}
 s - 8 potions of curing
 u - 3 potions of cancellation {unknown}
 D - a potion of cure mutation
 K - a potion of might
 O - 2 potions of ambrosia {unknown}
 P - 5 potions of poison {unknown}
 Z - a potion of haste
Comestibles
 c - 11 bread rations
 m - 5 fruits
 t - a slice of pizza
 G - 2 beef jerkies
 M - a meat ration
 T - 21 chunks of flesh


   Skills:
 - Level 3.0 Fighting
 * Level 14.8 Maces & Flails
 + Level 10.8 Armour
 - Level 1.7 Dodging


You had 11 spell levels left.
You didn't know any spells.

Dungeon Overview and Level Annotations

Branches:
Dungeon (12/15)            Temple (0/1) D:6            Lair (1/8) D:11
    Orc: D:9-12

Altars:
Ashenzari
Dithmenos
Elyvilon
Fedhas
Gozag
Nemelex Xobeh
Qazlal
Vehumet
Xom

Shops:
D:5 =   D:6 :   D:9 :


Innate Abilities, Weirdness & Mutations

You have sharp fingernails.
You regenerate health from kills.
You are powered by pain.
You have a pair of small horns on your head.
You are clumsy. (Dex -2)
Your body often deteriorates upon taking damage.
You are frail (-10% HP).
Your natural rate of healing is unusually fast.
You can spit weak poison.
You evolve.
Your spells are a little easier to cast, but a little less powerful.
You expend magic power (3 MP) to strengthen your wands.


Message History

Your body deteriorates!
You feel weakened for a moment.
The six-headed hydra bites you but does no damage.
The six-headed hydra bites you. The six-headed hydra bites you!
Your body deteriorates!
You feel weakened for a moment.
The six-headed hydra bites you but does no damage.
The six-headed hydra closely misses you.
A red film seems to cover your vision as you go berserk!
You feel yourself moving faster!
You feel mighty!
You feel somewhat more hungry. The six-headed hydra bites you.
The six-headed hydra bites you!
* * * LOW HITPOINT WARNING * * *
The six-headed hydra bites you.
* * * LOW HITPOINT WARNING * * *
You are confused.
The six-headed hydra bites you!
* * * LOW HITPOINT WARNING * * *
The six-headed hydra barely misses you. The six-headed hydra bites you!
You die...

#.......#....# ##...#
#.......#.....# #...##
#.......##....# ##....
#........#...... #P...
##........#...>..# ##...
#................#.###..
##......###... ........
#.....#####... ........
....$#...@....... ........
..........D...... ........
.................. ........
...........................
..#........................
####....#####............
#..... #.. #....##. #....
.. #....... ##......


You could see a six-headed hydra.

Vanquished Creatures
  A wizard (D:10)
  2 unseen horrors (D:11)
  4 hill giants
  5 large abominations (D:10)
  An ugly thing (D:10)
  A black mamba (Lair:1)
  Maurice (D:9)
  A gargoyle (D:10)
  2 trolls
  A fire drake (D:11)
  A two-headed ogre (D:11)
  Prince Ribbit (D:7)
  20 yaks
  A wyvern (D:11)
  A basilisk (Lair:1)
  A spriggan (D:9)
  The ghost of Aviak the Conjurer, an amateur VSCj (D:5)
  7 small abominations (D:10)
  2 vampire mosquitoes (D:11)
  2 deep elf magi
  A hungry ghost (D:8)
  A hippogriff (D:8)
  3 ice beasts
  4 orc warriors
  2 black bears
  A necrophage (D:10)
  3 sky beasts
  2 crocodiles
  3 phantoms
  7 centaurs
  5 ogres
  A wasp (D:10)
  7 giant frogs
  A gnoll sergeant (D:9)
  3 wights (D:8)
  2 scorpions
  14 killer bees
  6 hounds
  6 orc priests
  4 crimson imps
  2 jellies
  A giant frog zombie (D:10)
  A wasp zombie (D:6)
  A centaur zombie (D:6)
  A gnoll shaman (D:9)
  A human zombie (Ossuary)
  8 orc wizards
  2 centaur skeletons
  A giant frog skeleton (D:5)
  2 iguanas
  9 worker ants
  5 sheep (Lair:1)
  A big kobold zombie (Ossuary)
  A hound skeleton (D:7)
  4 mummies (Ossuary)
  A worker ant zombie (D:10)
  15 gnolls
  10 adders
  2 shadow imps
  3 adder skeletons
  A worm (D:4)
  6 giant geckos
  30 orcs
  5 giant cockroaches
  A gnoll zombie (Ossuary)
  5 goblins
  7 hobgoblins
  14 jackals
  5 kobolds
  2 ball pythons
  5 bats
  A giant gecko skeleton (D:8)
  9 giant newts
  A goblin zombie (Ossuary)
  A jackal skeleton (D:4)
  2 kobold zombies (Ossuary)
  2 orc zombies (Ossuary)
  3 quokkas
  A quokka skeleton (D:10)
  8 rats
  A bush (D:8)
313 creatures vanquished.

Notes
Turn   | Place    | Note
--------------------------------------------------------------
     0 | D:1      | lucasterio the Demonspawn Berserker began the quest for the Orb.
     0 | D:1      | Reached XP level 1. HP: 18/18 MP: 1/1
   348 | D:1      | Gained mutation: You regenerate a little health from kills. [demonic ancestry]
   348 | D:1      | Reached XP level 2. HP: 24/24 MP: 2/2
   467 | D:1      | Reached ** piety under Trog
   783 | D:2      | Found an opulent altar of Gozag.
   792 | D:2      | Found a shimmering altar of Xom.
   793 | D:2      | Found a stormy altar of Qazlal.
   830 | D:2      | Reached XP level 3. HP: 10/29 MP: 3/3
  1282 | D:2      | Found a faded altar to an unknown god.
  1423 | D:3      | Gained mutation: You sometimes gain a little power by taking damage. [demonic ancestry]
  1423 | D:3      | Reached XP level 4. HP: 35/35 MP: 4/4
  1427 | D:3      | Reached skill level 4 in Maces & Flails
  1897 | D:3      | Gained mutation: You have sharp fingernails. [demonic ancestry]
  1897 | D:3      | Reached XP level 5. HP: 8/41 MP: 5/5
  2306 | D:4      | HP: 1/61 [acid (3)]
  2550 | D:4      | Reached skill level 5 in Maces & Flails
  2766 | D:4      | Got a pair of heavily runed gloves
  2799 | D:4      | Identified the +4 pair of gloves "Cecsuras" {rN+ MR- Str+2 SInv} (You found it on level 4 of the Dungeon)
  2978 | D:4      | Reached XP level 6. HP: 47/47 MP: 6/6
  3072 | D:4      | Reached *** piety under Trog
  3395 | D:4      | Found a shadowy altar of Dithmenos.
  3658 | D:5      | Entered Level 5 of the Dungeon
  3676 | D:5      | Reached skill level 6 in Maces & Flails
  3806 | D:5      | Reached XP level 7. HP: 42/52 MP: 7/7
  3824 | D:5      | Found Akhlakh's Jewellery Emporium.
  3844 | D:5      | Noticed Aviak's ghost (amateur VSCj)
  3853 | D:5      | Killed Aviak's ghost
  3978 | D:5      | Bought a +2 ring of protection for 120 gold pieces
  3978 | D:5      | Bought a +2 ring of strength for 90 gold pieces
  4596 | D:6      | Reached skill level 7 in Maces & Flails
  4600 | D:6      | Reached skill level 5 in Armour
  4673 | D:6      | Reached XP level 8. HP: 51/58 MP: 8/8
  4746 | D:6      | Found Amemn's Book Shop.
  4794 | D:6      | Found a staircase to the Ecumenical Temple.
  4891 | D:6      | Reached skill level 8 in Maces & Flails
  4928 | D:6      | Found a shattered altar of Ashenzari.
  5132 | D:6      | Found a sparkling altar of Nemelex Xobeh.
  5181 | D:6      | Reached **** piety under Trog
  5548 | D:7      | Noticed Prince Ribbit
  5556 | D:7      | Killed Prince Ribbit
  5556 | D:7      | Reached skill level 9 in Maces & Flails
  5561 | D:7      | Gained mutation: You sometimes gain power by taking damage. [demonic ancestry]
  5561 | D:7      | Reached XP level 9. HP: 63/63 MP: 9/9
  5604 | D:7      | Got a heavily runed ring mail
  5645 | D:7      | Found a sand-covered staircase.
  5653 | Ossuary  | Entered an ossuary
  6457 | D:8      | Reached skill level 10 in Maces & Flails
  6696 | D:8      | Found a blossoming altar of Fedhas.
  6937 | D:8      | Reached skill level 11 in Maces & Flails
  7213 | D:8      | Gained mutation: You are powered by pain. [demonic ancestry]
  7213 | D:8      | Reached XP level 10. HP: 70/70 MP: 10/10
  7229 | D:9      | Found a white marble altar of Elyvilon.
  7265 | D:9      | Reached ***** piety under Trog
  7295 | D:9      | Gained mutation: You have a pair of small horns on your head. [mutagenic meat]
  7296 | D:9      | Gained mutation: You expend magic power (3 MP) to strengthen your wands. [mutagenic meat]
  7297 | D:9      | Gained mutation: Your spells are a little easier to cast, but a little less powerful. [mutagenic meat]
  7298 | D:9      | Gained mutation: Your body sometimes deteriorates upon taking damage. [mutagenic meat]
  7299 | D:9      | Gained mutation: Your natural rate of healing is unusually fast. [mutagenic meat]
  7300 | D:9      | Gained mutation: You evolve. [potion of mutation]
  7300 | D:9      | Gained mutation: Your body often deteriorates upon taking damage. [potion of mutation]
  7501 | D:9      | Identified the +5 ring mail of Impermeability {rN++ Regen+ Int-2 Dex+3} (You found it on level 7 of the Dungeon)
  7505 | D:9      | Gained mutation: You are clumsy. (Dex -2) [mutagenic glow]
  7562 | D:9      | Gained mutation: You are frail (-10% HP). [mutagenic glow]
  7699 | D:9      | Found Virooni's Book Shop.
  7729 | D:9      | Found a radiant altar of Vehumet.
  7944 | D:9      | Reached skill level 12 in Maces & Flails
  7970 | D:9      | Noticed Maurice
  8499 | D:9      | Gained mutation: You can spit weak poison. [evolution]
  8514 | D:9      | Killed Maurice
  8556 | D:10     | Entered Level 10 of the Dungeon
  8684 | D:10     | Noticed a hill giant
  8706 | D:10     | Killed a hill giant
  8820 | D:10     | Noticed a brown ugly thing
  8847 | D:10     | Killed a brown ugly thing
  8847 | D:10     | Gained mutation: You regenerate health from kills. [demonic ancestry]
  8847 | D:10     | Reached XP level 11. HP: 7/67 MP: 11/11
  8990 | D:10     | Noticed a hill giant
  9001 | D:10     | Killed a hill giant
  9056 | D:10     | Reached skill level 13 in Maces & Flails
  9204 | D:10     | Noticed a wizard
  9217 | D:10     | Killed a wizard
  9224 | D:10     | Noticed a large abomination
  9229 | D:10     | Noticed a large abomination
  9234 | D:10     | Killed a large abomination
  9260 | D:10     | Killed a large abomination
  9603 | D:11     | Noticed an unseen horror
  9627 | D:11     | Killed an unseen horror
  9627 | D:11     | Reached skill level 10 in Armour
  9699 | D:11     | Found a staircase to the Lair.
  9802 | D:11     | Noticed an unseen horror
  9821 | D:11     | Killed an unseen horror
  9834 | D:11     | Reached skill level 14 in Maces & Flails
 10120 | D:11     | Got a twisted leather armour
 10131 | D:11     | Identified the cursed +1 leather armour of the Turtle {*Confuse rN+ MR+ Str+6} (You found it on level 11 of the Dungeon)
 10275 | D:11     | Noticed a hill giant
 10290 | D:11     | Killed a hill giant
 10290 | D:11     | Reached XP level 12. HP: 65/72 MP: 12/12
 10296 | D:11     | Reached ****** piety under Trog
 10428 | D:11     | Noticed a hill giant
 10439 | D:11     | Killed a hill giant
 10778 | D:5      | Bought an uncursed ring of sustain attributes for 210 gold pieces
 10891 | Lair:1   | Entered Level 1 of the Lair of Beasts
 11160 | Lair:1   | Noticed a six-headed hydra
 11167 | Lair:1   | Slain by a six-headed hydra

Action                   |  1- 3 |  4- 6 |  7- 9 | 10-12 || total
-------------------------+-------+-------+-------+-------++-------
Melee: Mace              |   159 |   222 |    15 |       ||   396
       Flail             |       |       |   507 |   701 ||  1208
Invok: Berserk           |     1 |     4 |     5 |    10 ||    20
       Brothers in Arms  |       |       |     1 |       ||     1
       Trog's Hand       |       |       |       |     2 ||     2
       Burn Spellbooks   |       |       |       |     1 ||     1
 Abil: Spit Poison       |       |       |       |     1 ||     1
  Use: Scroll            |       |       |       |    11 ||    11
       Potion            |       |       |       |     3 ||     3
 Stab: Sleeping          |       |       |       |     1 ||     1
  Eat: Chunk             |     3 |     8 |    11 |    23 ||    45
       Fruit             |       |     3 |       |       ||     3
       Meat ration       |       |     1 |     1 |     1 ||     3
